 Dungeon Crawl Stone Soup version 0.29-a0-451-gfbfa42419e (webtiles) character file.

Game seed: 13873913372897621063

96 dabmancer the Magician (level 4, 0/27 HPs)
             Began as an Octopode Hedge Wizard on May 20, 2022.
             Was a Follower of Kikubaaqudgha.
             Slain by a hound (4 damage)
             ... on level 3 of the Dungeon.
             The game lasted 00:23:08 (3632 turns).

dabmancer the Magician (Octopode Hedge Wizard)      Turns: 3632, Time: 00:23:08

Health: 0/27       AC:  1    Str:  9    XL:     4   Next: 67%
Magic:  5/10       EV: 13    Int: 18    God:    Kikubaaqudgha [*.....]
Gold:   10         SH:  0    Dex: 11    Spells: 2/11 levels left

rFire   . . .      SeeInvis .   f - +2 dagger (protect)
rCold   . . .      Faith    .   (no shield)
rNeg    . . .      Spirit   .   b - +0 hat
rPois   .          Reflect  .   (no amulet)
rElec   .          Harm     .   (no ring)
rCorr   .          Rampage  .   (no ring)
Will    .....                   (no ring)
Stlth   +++.......              (no ring)
HPRegen 0.09/turn               (no ring)
MPRegen 0.12/turn               (no ring)
                                (no ring)
                                (no ring)

@: no status effects
A: almost no armour, amphibious, 8 rings, camouflage 1, gelatinous body 1,
(nimble swimmer 1), tentacles
a: Renounce Religion, Unearth Wretches


You were on level 3 of the Dungeon.
You worshipped Kikubaaqudgha.
Kikubaaqudgha was aware of your devotion.
You visited 1 branch of the dungeon, and saw 4 of its levels.

You collected 76 gold pieces.
You spent 66 gold pieces at shops.

Inventory:

Hand Weapons
 a - a +0 dagger
 e - a +1 vorpal flail
 f - a +2 dagger of protection (weapon)
Missiles
 g - 6 poisoned darts
Armour
 b - a +0 hat (worn)
 n - the +5 scale mail of the Depths {-Tele Drain +Inv SInv}
   (You found it on level 2 of the Dungeon)

   SInv:      It lets you see invisible.
   +Inv:      It lets you turn invisible.
   -Tele:     It prevents most forms of teleportation.
   Drain:     It drains your maximum health when unequipped.
Magical Staves
 j - a staff of fire
Scrolls
 d - 4 scrolls of identify
 i - a scroll of amnesia {unknown}
 k - 2 scrolls of poison
 o - a scroll of magic mapping {unknown}
 p - 3 scrolls of teleportation {unknown}
Potions
 c - a potion of magic
 h - a potion of haste {unknown}
 l - a potion of curing {unknown}
 m - 2 potions of might
 q - a potion of attraction {unknown}
 r - a potion of brilliance {unknown}


   Skills:
 + Level 0.2 Short Blades
 + Level 0.3 Maces & Flails
 + Level 2.1 Dodging
 + Level 3.1 Stealth
 + Level 4.2 Spellcasting
 + Level 1.8 Conjurations
 + Level 1.1 Summonings
 + Level 0.5 Necromancy
 + Level 1.0 Translocations


You had 2 spell levels left.
You knew the following spells:

 Your Spells              Type           Power      Damage    Failure   Level
a - Magic Dart            Conj           40%        1d5       7%          1
b - Blink                 Tloc           14%        N/A       14%         2
c - Call Imp              Summ           7%         N/A       14%         2
d - Necrotize             Necr           20%        1d5       12%         1
e - Vampiric Draining     Necr           5%         2d6       34%         3

Your spell library contained the following spells:

 Spells                   Type           Power      Damage    Failure   Level
 Slow                     Hex            12%        N/A       14%         1
 Conjure Flame            Conj/Fire      7%         6-21      28%         3
 Mephitic Cloud           Conj/Pois/Air  6%         N/A       32%         3
 Frozen Ramparts          Ice            6%         1d2       41%         3
 Ignite Poison            Fire/Tmut/Pois 3%         N/A       41%         3
 Sticky Flame             Conj/Fire      7%         2d3       67%         4
 Animate Dead             Necr           5%         N/A       75%         4
 Summon Ice Beast         Ice/Summ       5%         N/A       75%         4
 Anguish                  Hex/Necr       2%         N/A       77%         4
 Ice Form                 Ice/Tmut       3%         N/A       82%         4


Dungeon Overview and Level Annotations

Branches:
Dungeon (4/15)
 Temple: D:4-7

Altars:
Kikubaaqudgha
Sif Muna

Shops:
D:2 ?


Innate Abilities, Weirdness & Mutations

You cannot wear most types of armour.
You are amphibious.
You can wear up to eight rings at the same time.
Your skin changes colour to match your surroundings (Stealth+).
Your rubbery body absorbs attacks. (AC +1, EV +1)
((You are camouflaged when in or above water. (Stealth+)))
You have tentacles for arms and can constrict up to eight enemies at once.


Message History

Your magical contamination has completely faded away.
Casting: Blink (safe; 14% risk of failure)
Confirm with . or Enter, or press ? or * to list all spells.
The spell is extremely dangerous to miscast (34% risk of failure)!
Continue anyway?
Uppercase [Y]es or [N]o only, please.
The spell is extremely dangerous to miscast (34% risk of failure)!
Continue anyway?
Aiming: Vampiric Draining (extremely dangerous; 34% risk of failure)
Press: ? - help, Shift-Dir - straight line, f - hound
Aim: a hound You draw life force from the hound.
You feel life coursing into your body.
You feel sick.
You are no longer poisoned.
The hound bites you.
Unknown command.
Casting: Vampiric Draining (extremely dangerous; 34% risk of failure)
Confirm with . or Enter, or press ? or * to list all spells.
A beastly little devil appears in a puff of flame.
The hound misses you. The hound bites you.
* * * LOW HITPOINT WARNING * * *
You swap places.
The hound bites your crimson imp.
Your crimson imp barely misses the hound.
The hound bites your crimson imp but does no damage.
Your crimson imp misses the hound.
The hound closely misses your crimson imp.
The hound bites your crimson imp but does no damage.
Your crimson imp hits the hound but does no damage.
The hound bites your crimson imp.
Your crimson imp completely misses the hound.
The hound closely misses your crimson imp.
Your crimson imp blinks!
Casting: Call Imp (safe; 14% risk of failure)
Confirm with . or Enter, or press ? or * to list all spells.
A beastly little devil appears in a puff of flame.
Your crimson imp blinks!
The hound bites you.
* * * LOW HITPOINT WARNING * * *
The hound attacks as you move away! The hound misses you.
Your crimson imp hits the hound.
The hound bites you.
You die...
Kikubaaqudgha rasps: "You have failed me!
Welcome... death!"

....#..........#...####.......##.
.........#.....[.#.#
#.รท.......#.
######..<#.....#.#.# #.#..####.#.
#..........#.#.# #.#..## #.#.
#..#.###.#...#.###.#...# #.#.
#####..........#.......#...# #.#.
.......#.#####.#.......#[..###.#.
#####..#.# #.+....[..#....##.#. #
#..#.# #.#@......#.......#.
#####..#.#####.#h5.....###..#####
#................................
#............#########.####.#####
'............# #.# #..# #
#............# #.# ##5# #
######'####### #.# #h## # #.# #.#
#S># # #####.####### #.# ##.# #


You could see a hound (ally target) and a friendly crimson imp (summoned).

Vanquished Creatures
  2 dart slugs
  3 ball pythons
  7 endoplasms
  A giant cockroach (D:1)
  6 goblins
  5 hobgoblins
  6 kobolds
  5 quokkas
  A bat (D:1)
  3 frilled lizards
  7 rats
46 creatures vanquished.

Vanquished Creatures (collateral kills)
  A hound (D:4)
  An adder (D:2)
  A frilled lizard (D:2)
3 creatures vanquished.

Vanquished Creatures (others)
  A dart slug (D:2)
1 creature vanquished.

Grand Total: 50 creatures vanquished

Notes
Turn   | Place    | Note
-------+----------+-------------------------------------------
     0 | D:1      | dabmancer the Octopode Hedge Wizard began the quest for the
                  | Orb.
     0 | D:1      | Reached XP level 1. HP: 11/11 MP: 4/4
   341 | D:1      | Reached XP level 2. HP: 17/17 MP: 4/6
   807 | D:1      | Reached XP level 3. HP: 21/21 MP: 4/8
   976 | D:1      | Found a faded altar of an unknown god.
  1098 | D:1      | Prayed at the altar of an unknown god.
  1098 | D:1      | Became a worshipper of Kikubaaqudgha
  1098 | D:1      | Reached * piety under Kikubaaqudgha
  1098 | D:1      | Received a gift from Kikubaaqudgha
  1339 | D:1      | Learned a level 2 spell: Blink
  1342 | D:1      | Learned a level 2 spell: Call Imp
  1344 | D:1      | Learned a level 1 spell: Necrotize
  1791 | D:2      | Found a shimmering blue altar of Sif Muna.
  2205 | D:2      | Reached skill level 4 in Spellcasting
  2244 | D:2      | Identified the +5 scale mail of the Depths {-Tele Drain
                  | +Inv SInv}
  2312 | D:2      | Found Guczeraet's Magic Scroll Shoppe.
  2345 | D:2      | Bought a scroll of identify for 22 gold pieces
  2345 | D:2      | Bought a scroll of identify for 22 gold pieces
  2345 | D:2      | Bought a scroll of identify for 22 gold pieces
  2696 | D:3      | Reached XP level 4. HP: 19/27 MP: 2/10
  2700 | D:3      | Learned a level 3 spell: Vampiric Draining
  3632 | D:3      | Slain by a hound

Illustrated notes

Levels and vault maps discovered:
D:1:      lightli_arrival_isolated_outpost, layout_loops_ring,
          shapermc_ecumenical_altar_notcrosses
D:2:      layout_loops_cross, basic_altar, serial_shops, nicolae_shop_crystal,
          st_stairs_14
D:3:      layout_basic
D:4:      cheibrodos_helix_gallery, layout_gridville, serial_bayou_pond_e,
          minmay_diced_spiral, uniq_pikel, uniq_edmund

Skill      XL: |  1  2  3 |
---------------+----------+-----
Spellcasting   | 4 |  4.2
Stealth        | 3 |  3.1
Short Blades   | |  0.2
Maces & Flails | |  0.3
Dodging        | |  2.1
Conjurations   | |  1.8
Summonings     | |  1.1
Necromancy     | |  0.5
Translocations | |  1.0

Action                   |  1- 3 |  4- 6 || total
-------------------------+-------+-------++-------
Melee: Flail             |    12 |       ||    12
       Constrict         |     6 |     2 ||     8
       Dagger            |    17 |    10 ||    27
       Tentacles         |     6 |     1 ||     7
       Punch             |     1 |       ||     1
 Cast: Magic Dart        |    81 |    12 ||    93
       Necrotize         |     7 |     7 ||    14
       Call Imp          |     1 |     3 ||     4
       Blink             |     1 |     1 ||     2
       Vampiric Draining |       |     1 ||     1
Invok: Unearth Wretches  |     1 |       ||     1
  Use: Scroll            |     1 |     1 ||     2
       Potion            |       |     1 ||     1
 Stab: Sleeping          |     1 |       ||     1
Armor: Skin              |     2 |     4 ||     6
Dodge: Dodged            |    15 |    29 ||    44

Table legend: (Time is in decaauts)
 A = Elapsed time spent in this place.
 B = Non-inter-level travel time spent in this place.
 C = Inter-level travel time spent in this place.
 D = Time resting spent in this place.
 E = Time spent auto-exploring this place.
 F = Levels seen in this place.
 G = Mean time per level.
                   A        B        C        D        E       F      G
               +--------+--------+--------+--------+--------+-----+--------+
         Total |   3636 |   3303 |    333 |     67 |   2740 |   4 |  909.0 |
       Dungeon |   3636 |   3303 |    333 |     67 |   2740 |   4 |  909.0 |
               +--------+--------+--------+--------+--------+-----+--------+

Top non-repeatable levels by time:
     D:1: 1467 daAuts
     D:3: 1152 daAuts
     D:2: 961 daAuts
     D:4: 55 daAuts
